 Dungeon Sprint DCSS version 0.20.1-1-g8b1a95d (webtiles) character file.

716 potatolord6000 the Covert (level 7, 0/70 HPs)
             Began as a Deep Dwarf Fighter on Aug 25, 2017.
             Killed from afar by an electric eel (9 damage)
             ... with a bolt of electricity
             ... in the Dungeon (Sprint II: "The Violet Keep of Menkaure").
             The game lasted 00:01:07 (80 turns).

potatolord6000 the Covert (Deep Dwarf Fighter)        Turns: 80, Time: 00:01:07

Health: 0/70       AC:  8    Str: 21      XL:     7   Next: 41%
Magic:  8/15       EV:  8    Int:  3 (7)  God:
Gold:   0          SH: 11    Dex: 12      Spells: 16/16 levels left

rFire    . . .     SeeInvis .   a - +0 war axe
rCold    . . .     Gourm    .   c - +0 shield
rNeg     . . .     Faith    .   b - +0 scale mail
rPois    .         Spirit   .   (no helmet)
rElec    .         Reflect  .   (no cloak)
rCorr    .         Harm     .   (no gloves)
MR       +....     NoTele   +   (no boots)
Stlth    +++.......             (no amulet)
Regen    0.0/turn               (no ring)
MPRegen  0.2/turn               (no ring)

@: non-regenerating
A: damage resistance, heal wounds, deterioration 1, dopey 1, sense surroundings
1, screaming 1, subdued magic 1, MP-powered wands, no regeneration
a: Heal Wounds


You were in the Dungeon.
You were not hungry.

You visited 1 branch

Inventory:

Hand Weapons
 a - a +0 war axe (weapon)
Armour
 b - a +0 scale mail (worn)
 c - a +0 shield (worn)
Scrolls
 k - a scroll of blinking
Potions
 d - a potion of might
 e - a potion of curing
 g - a potion of heal wounds
 i - 2 potions of magic
 j - a potion of berserk rage
Comestibles
 f - a bread ration


   Skills:
 + Level 6.6 Fighting
 + Level 7.6 Axes
 + Level 8.0 Armour
 + Level 8.7 Stealth
 + Level 8.1 Shields
 + Level 5.4 Spellcasting


You had 16 spell levels left.
You didn't know any spells.

Dungeon Overview and Level Annotations

Branches:
Dungeon (1/1)

Altars:


Innate Abilities, Weirdness & Mutations

You are resistant to damage.
You can heal yourself by infusing magical energy.
You passively map a small area around you.
You do not regenerate.
Your body sometimes deteriorates upon taking damage.
You are dopey. (Int -2)
You occasionally shout uncontrollably at your foes.
Your spells are a little easier to cast, but a little less powerful.
You expend magic power (3 MP) to strengthen your wands.


Message History

The neqoxec is moderately wounded.
You hit the shadow imp.
The shadow imp splashes around in the water.
The neqoxec gestures at you.
You feel dopey. Something feeds on your intellect!
The electric eel shoots out a bolt of lightning at you!
The bolt of electricity hits you!
* * * LOW HITPOINT WARNING * * *
The electric eel shoots out a bolt of lightning at you!
The bolt of electricity hits you!
* * * LOW HITPOINT WARNING * * *
You block the shadow imp's attack.
Unknown command.
You slash the neqoxec!
The neqoxec is heavily wounded.
You hit the shadow imp. You block the neqoxec's attack.
The electric eel shoots out a bolt of lightning at you!
The bolt of electricity hits you!
You die...

* *##+##*.## ,
##.##.w.#,
+.<.+# * , * ,
, ,##.##$..#,,
* * #§## w## *
≈ ####.## #≈ ,
≈#..##.# ≈ *
*#.$≈## ≈ , *,
≈##@## *
*#§§35§≈§≈§§≈ ≈
≈ _ ,
,#§§5#§§§#≈§§ ,
#;;;;;;;# ≈ * ,
#≈§§≈;;§≈§# ≈≈
,
+≈≈≈§§§§≈≈§§'≈≈
##≈≈§§§§≈§§##§
≈ ##≈§§§≈≈§## *
* * * ≈


You could see a neqoxec, 9 electric eels, a shadow imp and an ufetubus.

Vanquished Creatures
  A merfolk siren (D)
  3 neqoxecs (D)
4 creatures vanquished.

Vanquished Creatures (others)
  A crocodile (D)
1 creature vanquished.

Grand Total: 5 creatures vanquished

Notes
Turn   | Place    | Note
-------+----------+-------------------------------------------
     0 | D        | potatolord6000 the Deep Dwarf Fighter began the quest for the Orb.
     0 | D        | Reached XP level 1. HP: 20/20 MP: 1/1
     1 | D        | Noticed a merfolk siren
    10 | D        | Killed a crocodile
    20 | D        | Killed a merfolk siren
    20 | D        | Reached skill level 5 in Fighting
    20 | D        | Reached XP level 2. HP: 14/32 MP: 1/7
    20 | D        | Reached XP level 3. HP: 17/39 MP: 1/8
    20 | D        | Reached XP level 4. HP: 20/46 MP: 1/10
    20 | D        | Reached XP level 5. HP: 24/54 MP: 1/11
    20 | D        | Reached XP level 6. HP: 27/61 MP: 1/12
    29 | D        | Noticed a tyrant leech
    29 | D        | Noticed a tyrant leech
    33 | D        | Noticed a neqoxec
    41 | D        | Killed a neqoxec
    42 | D        | Noticed a neqoxec
    45 | D        | Gained mutation: Your spells are a little easier to cast, but a little less powerful. [a neqoxec]
    51 | D        | Gained mutation: You are dopey. (Int -2) [a neqoxec]
    55 | D        | Killed a neqoxec
    55 | D        | Reached skill level 5 in Spellcasting
    55 | D        | Reached XP level 7. HP: 48/70 MP: 4/14
    56 | D        | Noticed a neqoxec
    67 | D        | Gained mutation: Your body sometimes deteriorates upon taking damage. [a neqoxec]
    70 | D        | Noticed a neqoxec
    70 | D        | Gained mutation: You occasionally shout uncontrollably at your foes. [a neqoxec]
    77 | D        | Killed a neqoxec
    77 | D        | Gained mutation: You expend magic power (3 MP) to strengthen your wands. [a neqoxec]
    80 | D        | Killed from afar by an electric eel

Skill      XL: |  1  2  3  4  5  6  7 |
---------------+----------------------+-----
Fighting       | 5 6 |  6.6
Axes           | 6 7 |  7.6
Armour         | 6 7 8 |  8.0
Stealth        | 7 8 |  8.7
Shields        | 6 7 8 |  8.1
Spellcasting   | 4 5 |  5.4

Action                   |  1- 3 |  4- 6 |  7- 9 || total
-------------------------+-------+-------+-------++-------
Melee: War axe           |    16 |    20 |    22 ||    58
 Abil: Heal Wounds       |       |     1 |       ||     1
  Use: Potion            |     1 |       |       ||     1
 Stab: Sleeping          |       |     1 |       ||     1
Armor: Scale mail        |     1 |     2 |    40 ||    43
Dodge: Dodged            |       |     2 |    24 ||    26
Block: Shield            |       |     2 |    29 ||    31
